 Dungeon Crawl Stone Soup version 0.25-b1-23-ge2ad7d536c (webtiles) character file.

Game seed: 4562763149661606259, levelgen mode: deterministic

896 Hugehornet the Cleaver (level 8, -6/46 HPs)
             Began as a Gargoyle Fighter on May 29, 2020.
             Mangled by an ogre
             ... wielding a +0 giant club
              (14 damage)
             ... on level 5 of the Dungeon.
             The game lasted 00:06:48 (5153 turns).

Hugehornet the Cleaver (Gargoyle Fighter)           Turns: 5153, Time: 00:06:48

Health: -6/46      AC: 17    Str: 19    XL:     8   Next: 7%
Magic:  8/8        EV:  5    Int: 12    God:
Gold:   247        SH:  9    Dex:  9    Spells: 7/7 levels left

rFire    . . .     SeeInvis .   a - +0 war axe
rCold    . . .     Gourm    .   c - +0 kite shield
rNeg     + . .     Faith    .   r - +0 chain mail
rPois    ∞         Spirit   .   o - +0 helmet
rElec    +         Reflect  .   (no cloak)
rCorr    .         Harm     .   (no gloves)
MR       .....                  q - +0 pair of boots
Stlth    ..........             (no amulet)
HPRegen  0.15/turn              (no ring)
MPRegen  0.11/turn              (no ring)

@: no status effects
A: negative energy resistance 1, electricity resistance, unbreathing,
petrification resistance, rot immunity, AC +5
a: no special abilities


You were on level 5 of the Dungeon.
You were not hungry.

You visited 1 branch of the dungeon, and saw 5 of its levels.

You collected 247 gold pieces.

Inventory:

Hand Weapons
 a - a +0 war axe (weapon)
Armour
 b - a +0 scale mail
 c - a +0 kite shield (worn)
 o - a +0 helmet (worn)
 q - a +0 pair of boots (worn)
 r - a +0 chain mail (worn)
Jewellery
 j - an uncursed ring of ice
Scrolls
 e - 2 scrolls of remove curse
 h - 2 scrolls of amnesia {unknown}
 l - 2 scrolls of fear {unknown}
 p - a scroll of immolation {unknown}
 s - a scroll of enchant weapon {unknown}
 v - a scroll of magic mapping {unknown}
 w - a scroll of enchant armour {unknown}
Potions
 d - a potion of might
 g - 2 potions of degeneration {unknown}
 i - 2 potions of haste
 k - 3 potions of invisibility
 m - a potion of mutation
 n - 5 potions of curing
 t - a potion of heal wounds
 u - a potion of brilliance
Comestibles
 f - 7 rations
 x - 2 chunks of flesh


   Skills:
 - Level 3.2 Fighting
 + Level 8.4 Axes
 - Level 3.2 Armour
 - Level 3.2 Shields


You had 7 spell levels left.
You didn't know any spells.
Your spell library contained the following spells:

 Spells                   Type           Power        Failure   Level  Hunger
 Sandblast                Erth           #.....       100%        1    ##.....
 Passwall                 Tmut/Erth      #.......     100%        2    ###....
 Stone Arrow              Conj/Erth      #.....       100%        3    ####...
 Petrify                  Tmut/Erth      #.......     100%        4    #####..
 Lee's Rapid Deconstruct  Erth           #.........   100%        5    ######.


Dungeon Overview and Level Annotations

Branches:
Dungeon (5/15)
 Temple: D:4-7

Altars:

Shops:
D:5 }


Innate Abilities, Weirdness & Mutations

You are resistant to torment.
Your stone body is resilient. (AC +5)
You are immune to poison.
You resist negative energy. (rN+)
You are resistant to electric shocks. (rElec)
You can survive without breathing.
You are immune to petrification.
You are immune to rotting.


Message History

You slash the ogre!
The ogre is almost dead.
You block the ogre's attack.
You hit the ogre.
The ogre is almost dead.
The ogre hits you with a +0 giant club.
Your shield prevents you from hitting the ogre.
The ogre is almost dead.
You block the ogre's attack.
Your shield and chain mail prevent you from hitting the ogre.
The ogre is almost dead.
The ogre hits you with a +0 giant club!!
Ouch! That really hurt!
* * * LOW HITPOINT WARNING * * *
You are too injured to fight recklessly!
You are too injured to fight recklessly!
You hit the ogre but do no damage.
The ogre is almost dead.
The ogre hits you with a +0 giant club!
You die...

#..)...........###.......###
.#####................#.......#
....##............... .......##
###.......###....... ........#
#.....#####...### #...#...##
###....## ##....# #..###...
.......####..##.# #.# ....
.##..##.##..###.## ##.###...##
##@# .## ##.## #O...# #. #.#
#..### #. ##. ...# #. .... ..
...... #..#.### ###.#


You could see an ogre.

Vanquished Creatures
  2 ogres (D:4)
  3 scorpions (D:4)
  A howler monkey (D:4)
  A centaur zombie (D:4)
  2 hounds
  A jelly (D:5)
  2 bullfrog skeletons
  2 centaur skeletons (D:4)
  Jessica (D:3)
  2 orc wizards (D:4)
  7 gnolls (D:5)
  3 adders
  2 oozes (D:1)
  An adder zombie (D:5)
  A worm (D:2)
  2 dart slugs
  2 leopard geckos
  9 orcs
  5 giant cockroaches
  7 hobgoblins
  12 jackals
  3 quokkas
  3 ball pythons
  6 bats
  9 frilled lizards
  12 goblins
  14 kobolds
  A leopard gecko skeleton (D:4)
  5 rats
121 creatures vanquished.

Notes
Turn   | Place    | Note
-------+----------+-------------------------------------------
     0 | D:1      | Hugehornet the Gargoyle Fighter began the quest for the
                  | Orb.
     0 | D:1      | Reached XP level 1. HP: 14/14 MP: 1/1
   106 | D:1      | Reached skill level 2 in Axes
   230 | D:1      | Reached XP level 2. HP: 19/19 MP: 2/2
   579 | D:1      | Reached skill level 3 in Axes
   633 | D:1      | Reached XP level 3. HP: 21/23 MP: 3/3
  1825 | D:2      | Reached XP level 4. HP: 28/28 MP: 4/4
  1868 | D:2      | Reached skill level 4 in Axes
  2564 | D:3      | Noticed Jessica
  2568 | D:3      | Killed Jessica
  2568 | D:3      | Reached XP level 5. HP: 32/32 MP: 5/5
  3345 | D:4      | Noticed an ogre
  3352 | D:4      | Killed an ogre
  3352 | D:4      | Reached skill level 5 in Axes
  3352 | D:4      | Reached XP level 6. HP: 22/37 MP: 6/6
  3509 | D:4      | Reached skill level 6 in Axes
  3671 | D:4      | Reached XP level 7. HP: 40/41 MP: 7/7
  3745 | D:4      | Reached skill level 7 in Axes
  4546 | D:4      | Got a jewelled rapier
  4547 | D:4      | Identified the cursed +0 rapier of the Fulmar {vorpal,
                  | Fragile rElec Dex-4 SInv} (You found it on level 4 of the
                  | Dungeon)
  4709 | D:5      | Entered Level 5 of the Dungeon
  4828 | D:5      | Found Kieb's Gadget Emporium.
  4833 | D:5      | Reached skill level 8 in Axes
  4975 | D:5      | Reached XP level 8. HP: 46/46 MP: 8/8
  5153 | D:5      | Mangled by an ogre

Illustrated notes

Levels and vault maps discovered:
D:1:      heliophobic_arrival_dark_side_of_the_moon, layout_loops_corners,
          kennysheep_doodads, hangedman_feature_mirror,
          ebering_dispersal_statue_hall, minmay_statues_item
D:2:      minmay_door_path, layout_basic, first_ration
D:3:      layout_basic, skrybe_limestone_x, minmay_box_of_dots, uniq_jessica
D:4:      layout_loops_ring, minmay_goblin_kobold_house
D:5:      layout_layer_cave, minmay_temple_entry_waves, serial_shops,
          nicolae_shop_trees

Skill      XL: |  1  2  3  4  5  6  7 |
---------------+----------------------+-----
Axes           | 2 3 4 5 6 8 |  8.4
Fighting       | |  3.2
Armour         | |  3.2
Shields        | |  3.2

Action                   |  1- 3 |  4- 6 |  7- 9 || total
-------------------------+-------+-------+-------++-------
Melee: War axe           |   146 |   202 |   141 ||   489
  Use: Scroll            |       |       |     8 ||     8
  Eat: Chunk             |     3 |     6 |     2 ||    11
       Ration            |       |       |     1 ||     1
Armor: Scale mail        |    68 |       |       ||    68
       Chain mail        |    21 |   136 |    78 ||   235
Dodge: Dodged            |    42 |    44 |    19 ||   105
Block: Kite shield       |    92 |   106 |    55 ||   253
